gargarantula, neutral male gnomish Ranger ----------- @@..........+ # .........| # ........ # .....| # 0 ...| # ---- ## # # # ) # -----------# |.....<...|# |.......{.|# |.......^..# ----------- gargarantula the Lookout Experience level: 5 Strength: 16 Dexterity: 11 Constitution: 16 Intelligence: 14 Wisdom: 12 Charisma: 7 Health: 0(36) Energy: 27(27) AC: 8 Gold: 21 Moves: 2556 Your Inventory: Coins $ - 21 gold pieces Weapons a - a blessed +1 dagger (weapon in hand) b - an uncursed +1 crossbow (alternate weapon; not wielded) c - 40 blessed +2 crossbow bolts (in quiver) d - 34 uncursed +0 crossbow bolts l - a [blessed +0] runed bow [elven] m - an [uncursed +0] crude dagger [orcish] o - an [uncursed +0] dagger Armor e - an uncursed burnt +2 cloak of displacement (being worn) n - an [uncursed +0] hooded cloak [dwarvish] D - an [uncursed +0] pair of hard shoes [iron] E - an [uncursed +0] coarse mantelet [orcish cloak] Comestibles f - 4 uncursed cram rations v - an [uncursed] pancake x - an [uncursed stale] egg z - an [uncursed] apple F - an [uncursed] tripe ration Scrolls A - an [uncursed] scroll labeled VELOX NEB [of earth] B - a [blessed] scroll labeled VELOX NEB [of earth] Potions w - an [uncursed] effervescent potion [of sickness] C - an [uncursed] golden potion [of confusion] Tools h - an [uncursed] pair of lenses s - an [uncursed] key [skeleton key] u - an [uncursed] tin whistle Gems t - an [uncursed] yellow gem [worthless glass] Spells known in the end: Name Level Category Fail Memory Your skills at the end: Fighting Skills Weapon Skills dagger [Basic / Expert] crossbow [Basic / Expert] Spellcasting Skills Final Attributes: You were piously aligned. Hunger level was 718. Your alignment was 20 / 22. Monster difficulty range was 1 - 6. Level difficulty was 7. You had automatic searching. You had infravision. You were displaced. Your luck was zero. You are dead. Vanquished creatures: an ice vortex a jaguar a dust vortex 2 Uruk-hai a rock piercer 2 yellow lights a gray ooze 3 floating eyes a kobold shaman a rabid rat an orc zombie an iguana 2 coyotes a hobbit a giant rat a garter snake 4 geckos 4 jackals a fox a kobold 2 goblins 4 grid bugs 2 lichens 2 newts 41 creatures vanquished. Voluntary challenges: You used a wielded weapon 44 times. You read items or engraved 2 times. You put on armor 1 time. You never genocided any monsters. You never polymorphed an object. You never changed form. You used no wishes. You never wrote Elbereth's name. You never encountered a bones level. You never used any Sokoban shortcuts. Dungeon overview: The Dungeons of Doom: levels 1 to 7 Level 1 an altar, some fountains a long staircase Level 2 a sink Level 4 stairs to The Gnomish Mines Level 6 a fountain stairs to Sokoban Level 7 <- You were here a fountain The Gnomish Mines: levels 5 to 6 Level 5 stairs to The Dungeons of Doom Sokoban: levels 4 to 5 Level 5 a magic chest stairs to The Dungeons of Doom History has recorded: On T:1 you entered the Dungeons of Doom to retrieve the Amulet of Yendor! On T:482 you reached level 2 of The Dungeons of Doom. On T:709 you advanced to experience level 2. On T:834 you advanced to experience level 3. On T:880 you reached level 3 of The Dungeons of Doom. On T:999 you reached level 4 of The Dungeons of Doom. On T:1067 you reached level 5 of The Dungeons of Doom. On T:1127 you reached level 1 of The Gnomish Mines. On T:1144 you reached level 2 of The Gnomish Mines. On T:1150 you advanced to experience level 4. On T:1718 you reached level 6 of The Dungeons of Doom. On T:1775 you advanced to experience level 5. On T:1787 you reached level 3 of Sokoban. On T:2212 you reached level 2 of Sokoban. On T:2517 you reached level 7 of The Dungeons of Doom. Latest messages: The crossbow bolt hits the ice vortex. You are freezing to death! (2x) [HP-10=13] The crossbow bolt hits the ice vortex. You are freezing to death! You get expelled! [HP-6=7] You miss the ice vortex. You hear some noises. The ice vortex is destroyed! c - 2 blessed +2 crossbow bolts (in quiver). [HP+1=8] The werewolf hits! [HP-1=7] You hit the werewolf! The werewolf hits! [HP-6=1] The crossbow bolt hits the werewolf. The werewolf hits! You die... Final status: Goodbye gargarantula the Ranger... You died in The Dungeons of Doom on dungeon level 7 with 1247 points, and 21 pieces of gold, after 2556 moves. You were level 5 with a maximum of 36 hit points when you died.